 Dungeon Crawl Stone Soup version 0.27-a0-1500-g450c7e4133 (webtiles) character file.

Game seed: 7950143462517174625

1848 dickylongcocking the Thaumaturge (level 9, -4/65 HPs)
             Began as a Djinni Fire Elementalist on July 8, 2021.
             Slain by a chaos spawn (6 damage)
             ... summoned by a kobold demonologist
             ... on level 6 of the Dungeon.
             The game lasted 00:09:09 (7152 turns).

dickylongcocking the Thaumaturge (DjFE)             Turns: 7152, Time: 00:09:09

Health: -4/65      AC:  6    Str:  7    XL:     9   Next: 34%
Gold:   161        EV: 11    Int: 22    God:
                   SH:  0    Dex: 15

rFire    + + .     SeeInvis .   D - staff of conjuration
rCold    x . .     Faith    .   (no shield)
rNeg     . . .     Spirit   .   q - +0 troll leather armour {Purgy}
rPois    ∞         Reflect  .   A - +0 helmet {Int+3}
rElec    .         Harm     .   g - +0 cloak
rCorr    .         Rampage  .   (no gloves)
Will     .....                  (boots unavailable)
Stlth    ++........             (no amulet)
HPRegen  1.20/turn              (no ring)
MPRegen  0.00/turn              (no ring)

@: attractive, flying
A: sickness immunity, fire resistance 2, cold vulnerability 1, float, innate
caster, hp casting, extra vitality 1
a: no special abilities


You were on level 6 of the Dungeon.
You visited 1 branch of the dungeon, and saw 6 of its levels.
You also visited: Sewer.

You collected 310 gold pieces.
You spent 149 gold pieces at shops.

Inventory:

Hand Weapons
 c - a +0 dagger
 h - a +0 long sword
Missiles
 y - a throwing net
Armour
 a - a +0 robe
 g - a +0 cloak (worn)
 q - a +0 troll leather armour (worn) {Purgy}
 A - a +0 helmet of intelligence (worn)
Magical Staves
 D - a staff of conjuration (weapon)
Jewellery
 x - a ring of resist corrosion
Wands
 p - a wand of acid (18)
 s - a wand of mindburst (6)
 F - a wand of iceblast (9)
Scrolls
 d - a scroll of fog {unknown}
 e - 6 scrolls of teleportation
 f - 2 scrolls of noise {unknown}
 i - a scroll of vulnerability {unknown}
 j - 2 scrolls of magic mapping {unknown}
 k - 2 scrolls of enchant weapon {unknown}
 n - 2 scrolls of blinking {unknown}
 t - 2 scrolls of torment {unknown}
 v - 3 scrolls of identify {unknown}
 B - a scroll of fear {unknown}
Potions
 b - 3 potions of curing
 l - 3 potions of magic {unknown}
 m - a potion of haste {unknown}
 o - 3 potions of flight {unknown}
 r - a potion of ambrosia
 u - 2 potions of resistance {unknown}
 z - a potion of might {unknown}
 C - 2 potions of heal wounds {unknown}
 E - a potion of degeneration {unknown}


   Skills:
 + Level 5.0 Fighting
 - Level 2.1 Dodging
 - Level 1.5 Stealth
 * Level 8.3 Spellcasting


You couldn't memorise any spells.
You knew the following spells:

 Your Spells              Type           Power      Damage    Failure   Level
a - Foxfire               Conj/Fire      100%       2x1d9     1%          1
b - Conjure Flame         Conj/Fire      62%        6-21      1%          3
c - Inner Flame           Hex/Fire       45%        N/A       1%          3
d - Sticky Flame          Conj/Fire      62%        2d8       3%          4
e - Fireball              Conj/Fire      31%        3d13      10%         5
f - Apportation           Tloc           90%        N/A       1%          1
g - Searing Ray           Conj           100%       3d7       1%          2
h - Airstrike             Air            22%        N/A       3%          4
p - Poisonous Vapours     Pois/Air       90%        N/A       1%          2
Your spell library was empty.

Dungeon Overview and Level Annotations

Branches:
Dungeon (6/15)              Sewer (visited)
 Temple: D:4-7

Altars:
Cheibriados
Hepliaklqana
Vehumet
Yredelemnul
The Shining One

Shops:
D:2 =![

Annotations:
D:6 1 transporter


Innate Abilities, Weirdness & Mutations

You are immune to sickness and miasma.
You are immune to poison.
Your flesh is very heat resistant. (rF++)
You are vulnerable to cold. (rC-)
You float through the air rather than walking.
You learn spells naturally, not from books.
Your magical power is your life essence.
You have superior vitality. (+4 HP)


Message History

Okay, then.
Casting: Poisonous Vapours (safe; 1% risk of failure)
Confirm with . or Enter, or press ? or * to list all spells.
Aiming: Poisonous Vapours (safe; 1% risk of failure)
Press: ? - help, Dir - move target, f - chaos spawn
Aim: a chaos spawn (summoned)
Okay, then.
Casting: Poisonous Vapours (safe; 1% risk of failure)
Confirm with . or Enter, or press ? or * to list all spells.
Okay, then.
Aiming: Corrosive Bolt
Press: ? - help, Shift-Dir - straight line, f - white imp
Aim: a white imp (summoned, 71% to hit)
The bolt of acid hits the shadow imp!
The shadow imp is splashed with acid.
The acid corrodes the shadow imp!
You kill the shadow imp!
The bolt of acid hits the white imp!
The white imp is splashed with acid.
You kill the white imp!
The chaos spawn gores you!
* * * LOW HITPOINT WARNING * * *
Unknown command.
Unknown command.
Unknown command.
Unknown command.
Aiming: Corrosive Bolt
Press: ? - help, Shift-Dir - straight line, f - chaos spawn
Aim: a chaos spawn (summoned, 64% to hit)
The bolt of acid misses the chaos spawn.
The chaos spawn hits you!
* * * LOW HITPOINT WARNING * * *
The shadow imp grinds its teeth.
Unknown command.
Unknown command.
Unknown command.
It was a potion of attraction.
You feel attractive to monsters. The chaos spawn hits you.
* * * LOW HITPOINT WARNING * * *
The chaos spawn shocks you.
You die...

#.#####.#.###. #.#
#.#..... #.# #.##....
#######.#####.##.#..
#...................
#.###############...
#.#8P#oKK55..#≈8#...
##.#P$#≈≈≈≈≈≈≈#.P#...
##..#@4#..≈P≈..#[$#...
#..©#©.'..≈♣≈..+.©#©..
#...#..#..≈≈P..#?$#..#
#.#.#P.#≈≈≈≈≈≈≈#.P#...
#.#.#8P#o......#≈8#..#
#.#.###############..#
#.#..................#
#.##.###########..##.#
#....# #..##.#


You could see 2 kobold demonologists, a chaos spawn (summoned), 2 orc priests
and 2 shadow imps.

Vanquished Creatures
  A yak (D:5)
  Eustachio (D:5)
  2 water moccasins (D:5)
  Purgy (Sewer)
  A black bear (D:5)
  An ogre (D:5)
  A centaur (D:5)
  A phantom (D:5)
  A bullfrog (D:6)
  3 scorpions
  A water moccasin zombie (D:5)
  2 electric eels (D:6)
  A bullfrog zombie (D:6)
  A centaur zombie (D:5)
  2 jellies
  3 hounds
  3 orc priests
  A bullfrog skeleton (D:4)
  2 orc wizards
  A howler monkey skeleton (D:4)
  5 adders
  2 shadow imps (D:6)
  A white imp (D:5)
  2 worms
  4 dart slugs
  14 orcs
  4 bats
  5 endoplasms
  2 giant cockroaches (D:3)
  6 goblins
  9 hobgoblins
  8 kobolds
  A quokka (D:3)
  5 ball pythons
  6 frilled lizards
  A quokka skeleton (D:3)
  2 rats (D:1)
107 creatures vanquished.

Vanquished Creatures (others)
  194 foxfires
  3 fungi
197 creatures vanquished.

Grand Total: 304 creatures vanquished

Notes
Turn   | Place    | Note
-------+----------+-------------------------------------------
     0 | D:1      | dickylongcocking the Djinni Fire Elementalist began the
                  | quest for the Orb.
     0 | D:1      | Reached XP level 1. HP: 15/15 MP: 0/0
   344 | D:1      | Found a faded altar of an unknown god.
   452 | D:1      | Reached XP level 2. HP: 14/22 MP: 0/0
   998 | D:1      | Reached skill level 1 in Fighting
  1467 | D:2      | Reached XP level 3. HP: 12/27 MP: 0/0
  1467 | D:2      | Learned a level 1 spell: Apportation
  1671 | D:2      | Reached skill level 3 in Spellcasting
  1873 | D:2      | Found Daijiocs's Distillery.
  2408 | D:2      | Reached XP level 4. HP: 19/32 MP: 0/0
  2548 | D:2      | Found Oruce's Armour Emporium.
  2878 | D:2      | Found Ifoeptyv's Jewellery Emporium.
  2988 | D:3      | Found a hazy altar of Hepliaklqana.
  3849 | D:4      | Reached skill level 4 in Spellcasting
  3849 | D:4      | Reached XP level 5. HP: 30/37 MP: 0/0
  3849 | D:4      | Learned a level 2 spell: Searing Ray
  4111 | D:4      | Found a glowing drain.
  4214 | Sewer    | Entered a sewer
  4291 | Sewer    | Reached XP level 6. HP: 33/42 MP: 0/0
  4409 | Sewer    | Noticed Purgy
  4452 | Sewer    | Killed Purgy
  4453 | Sewer    | Reached skill level 5 in Spellcasting
  4746 | D:4      | Reached XP level 7. HP: 43/47 MP: 0/0
  4746 | D:4      | Learned a level 2 spell: Poisonous Vapours
  5072 | D:5      | Entered Level 5 of the Dungeon
  5072 | D:5      | Noticed Eustachio
  5079 | D:5      | Killed Eustachio
  5080 | D:5      | Reached skill level 6 in Spellcasting
  5445 | D:5      | Noticed a yak
  5451 | D:5      | Reached XP level 8. HP: 38/54 MP: 0/0
  5623 | D:5      | Found a basalt altar of Yredelemnul.
  5722 | D:5      | Reached skill level 7 in Spellcasting
  5903 | D:5      | Killed a yak
  6103 | D:2      | Bought a +0 helmet of intelligence for 149 gold pieces
  6181 | D:5      | Found a glowing golden altar of the Shining One.
  6285 | D:5      | Reached XP level 9. HP: 27/62 MP: 0/0
  6285 | D:5      | Learned a level 4 spell: Airstrike
  6343 | D:6      | Reached skill level 8 in Spellcasting
  6630 | D:6      | Found a transporter.
  6646 | D:6      | Found a transporter.
  6678 | D:6      | Found a snail-covered altar of Cheibriados.
  6739 | D:6      | Reached skill level 5 in Fighting
  6820 | D:6      | Noticed a kobold demonologist
  6843 | D:6      | Noticed a kobold demonologist
  7151 | D:6      | HP: 3/65 [chaos spawn[a kobold demonologist] (14)]
  7152 | D:6      | Slain by a chaos spawn

Illustrated notes

Levels and vault maps discovered:
D:1:      grunt_arrival_lava_bath, layout_loops_ring,
          hellmonk_ecumenical_altar_crossroads, grunt_decor_mini_mirrors
D:2:      layout_loops_corners, serial_shops, shop, shop, shop
D:3:      layout_basic, mainiacjoe_overflow_tiny_flanked, minmay_checkerbox
D:4:      layout_rooms, portal_sewer_entry_e
D:5:      layout_basic, mainiacjoe_overflow_cross_hatched,
          mainiacjoe_overflow_big_doors, st_stairs_10, minmay_chambers_of_fives,
          uniq_eustachio
D:6:      gammafunk_wand_slinger, layout_loops_ring, mainiacjoe_overflow_paths,
          water_boxes_lemuel

Skill      XL: |  1  2  3  4  5  6  7  8  9 |
---------------+----------------------------+-----
Fighting       | 1 2 4 5 |  5.0
Spellcasting   | 3 4 5 6 7 8 |  8.3
Dodging        | |  2.1
Stealth        | |  1.5

Action                   |  1- 3 |  4- 6 |  7- 9 || total
-------------------------+-------+-------+-------++-------
Melee: Unarmed           |     1 |       |       ||     1
       Dagger            |    24 |       |       ||    24
       Long sword        |       |    59 |    43 ||   102
       Staff             |       |       |     4 ||     4
 Cast: Foxfire           |    69 |    42 |    10 ||   121
       Sticky Flame      |       |     3 |    25 ||    28
       Searing Ray       |       |     2 |     3 ||     5
       Poisonous Vapours |       |       |    17 ||    17
       Inner Flame       |       |       |     5 ||     5
       Fireball          |       |       |     4 ||     4
       Airstrike         |       |       |     1 ||     1
Evoke: Wand              |       |       |     2 ||     2
  Use: Potion            |       |     2 |     3 ||     5
       Scroll            |       |       |     1 ||     1
 Stab: Sleeping          |       |     1 |       ||     1
       Distracted        |       |       |     1 ||     1
Armor: Robe              |     4 |    15 |       ||    19
       Troll leather arm |       |     1 |    37 ||    38
Dodge: Dodged            |    25 |    48 |    60 ||   133
       Rpst.: Long sword |       |    13 |    15 ||    28

Table legend: (Time is in decaauts)
 A = Elapsed time spent in this place.
 B = Non-inter-level travel time spent in this place.
 C = Inter-level travel time spent in this place.
 D = Time resting spent in this place.
 E = Time spent auto-exploring this place.
 F = Levels seen in this place.
 G = Mean time per level.
                   A        B        C        D        E       F      G
               +--------+--------+--------+--------+--------+-----+--------+
         Total |   7194 |   6886 |    308 |    126 |   5594 |   7 | 1027.7 |
       Dungeon |   6771 |   6463 |    308 |    126 |   5279 |   6 | 1128.5 |
         Sewer |    423 |    423 |      0 |      0 |    315 |   1 |  423.0 |
               +--------+--------+--------+--------+--------+-----+--------+

Top non-repeatable levels by time:
     D:2: 1689 daAuts
     D:1: 1361 daAuts
     D:5: 1138 daAuts
     D:3: 887 daAuts
     D:4: 853 daAuts
     D:6: 841 daAuts
   Sewer: 423 daAuts
